 Dungeon Crawl Stone Soup version 0.32-a0-571-gec57dfcd37 (webtiles) character file.

Game seed: 10126819488841737547

6544079 RepHenryClay the Invulnerable (level 27, 327/327 HPs)
             Began as a Mountain Dwarf Fighter on Feb 27, 2024.
             Was the Champion of the Shining One.
             Escaped with the Orb
             ... and 10 runes on Mar 1, 2024!
             The game lasted 04:39:08 (118404 turns).

RepHenryClay the Invulnerable (MDFi)              Turns: 118404, Time: 04:39:09

Health: 327/327    AC: 49    Str: 40    XL:     27
Magic:  16/16      EV: 27    Int: 17    God:    the Shining One [******]
Gold:   4118       SH:  8    Dex: 14    Spells: 24/26 levels left

rFire   + + +        b - +9 broad axe of the Thirteen Runes {antimagic, Str+2 Stlth+}
rCold   + + +        m - +3 warlock's mirror {omnireflect}
rNeg    + + +        g - +10 pearl dragon scales
rPois   +            s - +1 helmet "Laneifao" {rCorr Str+4 Int+2}
rElec   +            k - +2 cloak of Discretion {rF+ SInv}
rCorr   +            Q - +3 pair of gauntlets of War {Slay+5}
SInv    +            N - +2 pair of boots "Inaol" {rF+ MP+9 Int+4 Dex+3}
Will    ++++.        e - amulet "Ludud" {Faith ^Fragile rElec rC+++}
Stlth   +            W - ring "Xivesen" {rF+ rC+ EV+5 Str+3 Dex+4}
HPRegen 0.74/turn    r - ring "Fosogaf" {rPois Will++ Str+2}
MPRegen 0.15/turn

%: reflection, faith
@: glowing, studying 3 skills
A: runic magic, artefact enchanting, clumsy 2, robust 2, wild magic 1, cold
vulnerability 1, devolution 1
0: Orb of Zot
}: 10/15 runes: decaying, slimy, silver, abyssal, demonic, glowing, magical,
fiery, dark, gossamer
a: Renounce Religion, Divine Shield, Cleansing Flame, Summon Divine Warrior


You escaped.
You worshipped the Shining One.
The Shining One was exalted by your worship.
You visited 14 branches of the dungeon, and saw 60 of its levels.
You visited Pandemonium 4 times, and saw 21 of its levels.
You visited the Abyss 17 times.
You also visited: Bailey, Gauntlet, Ice Cave, Volcano and Wizlab.

You collected 35159 gold pieces.
You spent 6694 gold pieces at shops.
You paid 24347 gold pieces to Gozag.

Inventory:

Hand Weapons
 a - a +9 broad axe of holy wrath
 b - the +9 broad axe of the Thirteen Runes (weapon) {antimagic, Str+2 Stlth+}
   (You found it on level 3 of the Elven Halls)

   Str+2:     It affects your strength (+2).
   Stlth+:    It makes you more stealthy.
 G - a +2 sacred scourge of holy wrath
 R - the +8 mithril axe "Arga" {speed, Will+}
   (You acquired it on level 4 of the Realm of Zot)

   Will+:     It increases your willpower.
Missiles
 x - 4 silver javelins (quivered)
 y - 3 throwing nets
 F - 5 javelins
Armour
 g - +10 pearl dragon scales (worn)
 k - the +2 cloak of Discretion (worn) {rF+ SInv}
   (You found it on level 4 of the Spider Nest)

   rF+:       It protects you from fire.
   SInv:      It lets you see invisible.
 m - the +3 warlock's mirror (worn) {omnireflect}
   (You bought it in a shop on level 1 of the Dungeon)

   Omnireflect: It can block and reflect piercing ranged attacks and magical
   attacks against the wielder's willpower.
 s - the +1 helmet "Laneifao" (worn) {rCorr Str+4 Int+2}
   (You found it on level 1 of the Spider Nest)

   Str+4:     It affects your strength (+4).
   Int+2:     It affects your intelligence (+2).
   rCorr:     It protects you from acid and corrosion.
 A - a scarf of repulsion
 N - the +2 pair of boots "Inaol" (worn) {rF+ MP+9 Int+4 Dex+3}
   (You found it on level 2 of the Elven Halls)

   Int+4:     It affects your intelligence (+4).
   Dex+3:     It affects your dexterity (+3).
   rF+:       It protects you from fire.
   MP+9:      It affects your magic capacity (+9).
 Q - the +3 pair of gauntlets of War (worn) {Slay+5}
   (You found it in an ice cave)

   Slay+5:    It affects your accuracy & damage with ranged weapons and melee
   (+5).
 Z - the +0 buckler of Gestures {rN+ Regen+ Str+2 Int+2}
   (You found it on level 2 of the Swamp)

   Str+2:     It affects your strength (+2).
   Int+2:     It affects your intelligence (+2).
   rN+:       It protects you from negative energy.
   Regen+:    It increases your rate of health regeneration.
Jewellery
 e - the amulet "Ludud" (around neck) {Faith ^Fragile rElec rC+++}
   (You bought it in a shop on level 2 of the Orcish Mines)

   [amulet of faith]

   Faith:     It allows you to gain divine favour quickly.
   rC+++:     It renders you almost immune to cold.
   rElec:     It insulates you from electricity.
   ^Fragile:  It will be destroyed if unequipped.
 f - the ring of Xeifro Bunt {^Drain rC+ rN+ Will++ Int+6}
   (You bought it in a shop on level 11 of the Dungeon)

   [ring of intelligence]

   Int+6:     It affects your intelligence (+6).
   rC+:       It protects you from cold.
   rN+:       It protects you from negative energy.
   Will++:    It greatly increases your willpower.
   ^Drain:    It drains your maximum health when unequipped.
 r - the ring "Fosogaf" (right hand) {rPois Will++ Str+2}
   (You took it off a deep elf elementalist on level 3 of the Elven Halls)

   [ring of poison resistance]

   Str+2:     It affects your strength (+2).
   rPois:     It protects you from poison Will++: It greatly increases your
   willpower.
 B - the ring of the Serpent {rF++ rN+ rCorr}
   (You took it off an ironbound preserver on level 5 of the Vaults)

   [ring of resist corrosion]

   rF++:      It greatly protects you from fire.
   rN+:       It protects you from negative energy.
   rCorr:     It protects you from acid and corrosion.
 C - the amulet of Zin's Righteous Fury {Reflect Fly rElec rF- rN++ SH+5}
   (You found it on level 5 of the Pits of Slime)

   [amulet of reflection]

   Reflect:   It reflects blocked missile attacks.
   rF-:       It makes you vulnerable to fire.
   rElec:     It insulates you from electricity.
   rN++:      It greatly protects you from negative energy.
   Fly:       It grants you flight.
   SH+5:      It affects your SH (+5).
 T - the ring "Ottynla" {rF+ Str+4 Dex+3}
   (You took it off a rakshasa on level 2 of the Depths)

   [ring of protection from fire]

   Str+4:     It affects your strength (+4).
   Dex+3:     It affects your dexterity (+3).
   rF+:       It protects you from fire.
 U - the ring "Tucacvof" {rC++ SInv}
   (You found it on level 3 of the Spider Nest)

   [ring of see invisible]

   rC++:      It greatly protects you from cold.
   SInv:      It lets you see invisible.
 V - a ring of flight
 W - the ring "Xivesen" (left hand) {rF+ rC+ EV+5 Str+3 Dex+4}
   (You found it in a Gauntlet)

   [ring of evasion]

   EV+5:      It affects your evasion (+5).
   Str+3:     It affects your strength (+3).
   Dex+4:     It affects your dexterity (+4).
   rF+:       It protects you from fire.
   rC+:       It protects you from cold.
Wands
 H - a wand of mindburst (34)
 J - a wand of quicksilver (19)
 K - a wand of digging (4)
 L - a wand of charming (100)
 O - a wand of iceblast (58)
Scrolls
 i - 8 scrolls of immolation
 l - 7 scrolls of enchant weapon
 o - 6 scrolls of brand weapon
 p - 21 scrolls of teleportation
 t - 6 scrolls of blinking
 u - 6 scrolls of fear
 w - 2 scrolls of summoning
 P - 2 scrolls of revelation
 Y - 9 scrolls of fog
Potions
 c - 9 potions of heal wounds
 d - 4 potions of might
 h - 6 potions of haste
 j - 5 potions of resistance
 q - 4 potions of enlightenment
 z - 7 potions of magic
 D - 9 potions of curing
 I - 6 potions of mutation
 S - 4 potions of cancellation
 X - 9 potions of ambrosia
Miscellaneous
 n - a lightning rod (4/4)
 v - a box of beasts
 E - a phial of floods
 M - a phantom mirror


   Skills:
 O Level 27 Fighting
 - Level 20.0 Axes
 - Level 10.0 Throwing
 O Level 27 Armour
 + Level 24.2 Dodging
 - Level 6.0 Shields
 - Level 7.0 Translocations
 O Level 27 Invocations
 O Level 27 Evocations


You had 24 spell levels left.
You knew the following spells:

 Your Spells              Type           Power      Damage    Failure   Level
Q - Blink                 Tloc           60%        N/A       4%          2

Your spell library contained the following spells:

 Spells                   Type           Power      Damage    Failure   Level
 Apportation              Tloc           60%        N/A       3%          1
 Lesser Beckoning         Tloc           60%        N/A       4%          2
 Gell's Gravitas          Tloc           30%        N/A       8%          3
 Teleport Other           Tloc           30%        N/A       8%          3
 Momentum Strike          Conj/Tloc      30%        3d8       14%         2
 Manifold Assault         Tloc           30%        N/A       22%         4
 Passage of Golubria      Tloc           30%        N/A       22%         4
 Volatile Blastmotes      Fire/Tloc      30%        2d12      28%         3
 Freeze                   Ice            0%         1d3       36%         1
 Magic Dart               Conj           0%         1d3       36%         1
 Necrotise                Necr           0%         1d4       36%         1
 Sandblast                Erth           0%         2d4       36%         1
 Slow                     Hex            0%         N/A       36%         1
 Sting                    Conj/Alch      0%         1d3       36%         1
 Summon Small Mammal      Summ           0%         N/A       36%         1
 Call Imp                 Summ           0%         N/A       47%         2
 Cigotuvi's Dreadful Rot  Necr/Alch/Air  0%         N/A       47%         2
 Ensorcelled Hibernation  Hex/Ice        0%         N/A       47%         2
 Jinxbite                 Hex            0%         N/A       47%         2
 Mercury Vapours          Alch/Air       0%         N/A       47%         2
 Static Discharge         Conj/Air       0%         3-3/arc   47%         2
 Sublimation of Blood     Necr           0%         N/A       47%         2
 Dimensional Bullseye     Hex/Tloc       7%         N/A       63%         4
 Iskenderun's Mystic Bla  Conj/Tloc      15%        2d5       63%         4
 Vhi's Electric Charge    Tloc/Air       30%        N/A       63%         4
 Confusing Touch          Hex            0%         N/A       71%         3
 Dazzling Flash           Conj/Hex       0%         N/A       71%         3
 Frozen Ramparts          Ice            0%         1d1       71%         3
 Fugue of the Fallen      Necr           0%         N/A       71%         3
 Hailstorm                Conj/Ice       0%         3d5       71%         3
 Inner Flame              Hex/Fire       0%         N/A       71%         3
 Mephitic Cloud           Conj/Alch/Air  0%         N/A       71%         3
 Ozocubu's Armour         Ice            0%         N/A       71%         3
 Passwall                 Erth           0%         N/A       71%         3
 Sigil of Binding         Hex            0%         N/A       71%         3
 Stone Arrow              Conj/Erth      0%         3d7       71%         3
 Summon Ice Beast         Ice/Summ       0%         N/A       71%         3
 Tukima's Dance           Hex            0%         N/A       71%         3
 Vampiric Draining        Necr           0%         2d6       71%         3
 Summon Forest            Summ/Tloc      7%         N/A       92%         5
 Dispersal                Tloc           15%        N/A       96%         6
 Airstrike                Air            0%         2d(0-16)  97%         4
 Anguish                  Hex/Necr       0%         N/A       97%         4
 Animate Armour           Summ/Erth      0%         N/A       97%         4
 Animate Dead             Necr           0%         N/A       97%         4
 Brom's Barrelling Bould  Conj/Erth      0%         2d3       97%         4
 Cause Fear               Hex            0%         N/A       97%         4
 Flame Wave               Conj/Fire      0%         2d4       97%         4
 Fulminant Prism          Conj/Alch      0%         3d5       97%         4
 Ignite Poison            Fire/Alch      0%         N/A       97%         4
 Leda's Liquefaction      Alch/Erth      0%         N/A       97%         4
 Martyr's Knell           Necr/Summ      0%         N/A       97%         4
 Olgreb's Toxic Radiance  Alch           0%         N/A       97%         4
 Petrify                  Alch/Erth      0%         N/A       97%         4
 Sticky Flame             Fire/Alch      0%         2d4       97%         4
 Summon Blazeheart Golem  Fire/Summ      0%         N/A       97%         4
 Summon Lightning Spire   Summ/Air       0%         N/A       97%         4
 Alistair's Intoxication  Alch           0%         N/A       100%        5
 Arcjolt                  Conj/Air       0%         1d10      100%        5
 Borgnjor's Vile Clutch   Necr/Erth      0%         N/A       100%        5
 Curse of Agony           Necr           0%         N/A       100%        5
 Fireball                 Conj/Fire      0%         3d3       100%        5
 Freezing Cloud           Conj/Ice/Air   0%         6-21      100%        5
 Irradiate                Conj/Alch      0%         3d11      100%        5
 Iskenderun's Battlesphe  Conj           0%         2d6       100%        5
 Lee's Rapid Deconstruct  Erth           0%         3d4*      100%        5
 Metabolic Englaciation   Hex/Ice        0%         N/A       100%        5
 Silence                  Hex/Air        0%         N/A       100%        5
 Summon Mana Viper        Hex/Summ       0%         N/A       100%        5
 Yara's Violent Unravell  Hex/Alch       0%         3d3       100%        5
 Bombard                  Conj/Erth      0%         9d1       100%        6
 Conjure Ball Lightning   Conj/Air       0%         3x3d6     100%        6
 Death Channel            Necr           0%         N/A       100%        6
 Eringya's Noxious Bog    Alch           0%         4d6       100%        6
 Plasma Beam              Fire/Air       0%         2x1d10    100%        6
 Sculpt Simulacrum        Ice/Alch       0%         N/A       100%        6
 Starburst                Conj/Fire      0%         6d3       100%        6
 Summon Cactus Giant      Summ           0%         N/A       100%        6
 Enfeeble                 Hex            0%         N/A       100%        7
 Haunt                    Necr/Summ      0%         N/A       100%        7
 Malign Gateway           Summ/Tloc      7%         N/A       100%        7
 Orb of Destruction       Conj           0%         9d5       100%        7
 Ozocubu's Refrigeration  Ice            0%         4d7       100%        7
 Spellforged Servitor     Conj/Summ      0%         N/A       100%        7
 Summon Hydra             Summ           0%         N/A       100%        7
 Borgnjor's Revivificati  Necr           0%         N/A       100%        8
 Discord                  Hex            0%         N/A       100%        8
 Disjunction              Tloc           15%        N/A       100%        8
 Infestation              Necr           0%         N/A       100%        8
 Lehudib's Crystal Spear  Conj/Erth      0%         10d2      100%        8
 Maxwell's Capacitive Co  Air            0%         ∞         100%        8
 Summon Horrible Things   Summ           0%         N/A       100%        8
 Chain Lightning          Conj/Air       0%         N/A       100%        9
 Death's Door             Necr           0%         N/A       100%        9
 Dragon's Call            Summ           0%         N/A       100%        9
 Fire Storm               Conj/Fire      0%         5d1       100%        9
 Polar Vortex             Ice            0%         N/A       100%        9
 Shatter                  Erth           0%         3d5*      100%        9


Dungeon Overview and Level Annotations

Branches:
Dungeon (15/15)            Temple (1/1) D:4            Lair (5/5) D:9
  Swamp (4/4) Lair:2       Spider (4/4) Lair:2        Slime (5/5) Lair:4
    Orc (2/2) D:10            Elf (3/3) Orc:2        Vaults (5/5) D:14
  Crypt (3/3) Vaults:3       Tomb (0/3) Crypt:3      Depths (4/4) D:15
   Hell (visited)             Dis (3/7) Hell            Geh (0/7) Hell
    Coc (0/7) Hell            Tar (0/7) Hell            Zot (5/5) Depths:4
 Bailey (visited)           IceCv (visited)         Volcano (visited)
 WizLab (visited)         Gauntlet (visited)

Altars:
Ashenzari
Cheibriados
Dithmenos
Elyvilon
Fedhas
Gozag
Hepliaklqana
Kikubaaqudgha
Makhleb
Nemelex Xobeh
Okawaru
Qazlal
Ru
Sif Muna
Trog
Uskayaw
Vehumet
Wu Jian
Xom
Yredelemnul
Zin
The Shining One
Beogh
Jiyva
Lugonu

Shops:
D:1 [   D:3 (   D:10 ?   D:11 =((   D:13 :   Orc:1 [(:   Orc:2 !!=(   Elf:1 *[=
Elf:3 (   Zot:1 ([[==*([*(   Zot:5 *   Depths:2 [(!   Depths:3 *   Depths:4 ?

Portals:
Hell: Depths:1 Depths:2 Depths:3 Depths:4
Abyss: Lair:5 Depths:1 Depths:3
Pandemonium: Orc:2 Depths:2 Depths:3 Depths:4
Ziggurat: Depths:4

Annotations:
Spider:2 Roxanne
Zot:5 1 exclusion


Innate Abilities, Weirdness & Mutations

Your spellcasting is much less encumbered by armour.
You can use scrolls of enchantment on lesser artefacts.
You are very clumsy. (Dex -4)
You are very robust. (+20% HP)
Your spells are a little harder to cast, but a little more powerful.
You are vulnerable to cold. (rC-)
You have hidden genetic defects.


Message History

You block the tormentor's attack. The tormentor completely misses you.
You cut the tormentor into ribbons!!!
You kill the tormentor!
The Shining One accepts your kill.
No target in view!
No target in view!
What level of the Dungeon? (default 1, ? - help)
There is a stone staircase leading up here.
You climb upwards.
There is a stone staircase leading down here.
There is a stone staircase leading up here.
You climb upwards.
There is a stone staircase leading down here.
A hell hog comes into view.
An Orb Guardian comes into view.
There is a stone staircase leading up, spattered with blood here.
The Orb Guardian hits you!!
You climb upwards.
There is a stone staircase leading down, spattered with blood here.
Damage: -5%(-19hp) hp: 95%(308hp)
What level of the Dungeon? (default 1, ? - help)
There is a stone staircase leading up here.
You climb upwards.
There is a stone staircase leading down here.
A Tzitzimitl comes into view.
The Tzitzimitl moves out of view.
There is an escape hatch in the ceiling, spattered with blood here.
A mysterious force pulls you upwards. The hatch slams shut behind you.
What level of the Dungeon? (default 1, ? - help)
There is a stone staircase leading up here.
You climb upwards.
There is a stone staircase leading down here.
There is a stone staircase leading down here.
There is a stone staircase leading up here.
You climb upwards.
There is a stone staircase leading down here.
As you open the door, it creaks loudly!
There is an open door here.
There is a staircase leading out of the dungeon here.
You have escaped!

### ##.#.###.....# #.####.# #
#..#...#.....# #.# #.. #
#####..#...#####.# #.# ##. #
#................# ### #. #
#.##.............# #. #
#.##.............# #. #
#.##....##'##....# #. #
#.##...##...##...# #. #
#.##...#..@..#...# #. #
#.##...##...##...##### #r #
#.##....##'##....#...####### #
#..#.............#.#........ ######
###..............#.#........
.....#####................#........
.....#.....########################
###..>.###.# #. ......####.## #.


There were no monsters in sight!

Vanquished Creatures
  Cerebov (Pan)
  the Royal Jelly (Slime:5)
  Gloorx Vloq (Pan)
  Lom Lobon (Pan)
  7 dread liches
  7 ancient liches
  8 orbs of fire
  Mara (Vaults:4)
  Josephina (Depths:2)
  3 Killer Klowns
  2 shard shrikes (Zot:3)
  Bai Suzhen (Spider:4)
  5 curse toes
  10 pandemonium lords
  The ghost of Dome the Black Belt, a veteran DsSu of Jiyva (Crypt:3)
  4 caustic shrikes
  8 golden dragons
  The ghost of rbyellow5 the Bludgeoner, an adept OnWr of the Shining One (Crypt:2)
  Geryon (Hell)
  Norris (Depths:3)
  5 bone dragons
  An iron giant (Dis:3)
  5 electric golems
  A Tzitzimitl (Pan)
  5 Brimstone Fiends
  A hellephant (Depths:1)
  5 Hell Sentinels
  Zenata (Crypt:1)
  30 Orb Guardians
  2 shard shrike skeletons
  A walking earthen tome (Depths:3)
  39 tentacled monstrosities
  2 Ice Fiends (Pan)
  5 quicksilver dragons
  The ghost of Ceotz the Warrior, an adept MiFi of Okawaru (Spider:4)
  4 walking divine tomes
  3 titans
  2 deep elf blademasters (Elf:3)
  4 sphinxes
  A walking frostbound tome (Abyss:4)
  20 acid blobs
  2 deep elf master archers (Elf:3)
  The ghost of Doehiogo the Eclecticist, an adept DsRe of Vehumet (Spider:4)
  The ghost of Doehiogo the Eclecticist, an adept DsRe of Vehumet (Spider:3)
  22 Executioners
  7 death cobs
  Frances (Swamp:2)
  12 liches
  A kraken (Abyss:3)
  19 tentacled starspawn
  Gastronok (D:9)
  The ghost of Niv Okit the Markstengu, an adept TeFi of Hepliaklqana (Spider:4)
  Agnes (Spider:3)
  7 ancient champions
  2 thorn hunters
  10 storm dragons
  3 revenants
  Donald (Orc:1)
  11 azure jellies
  3 nagarajas (Pan)
  A strange machine (WizLab)
  16 shadow dragons
  7 tengu reavers
  5 demonspawn warmongers (Pan)
  6 protean progenitors
  7 draconian knights
  3 fire giants
  8 emperor scorpions (Spider:4)
  4 iron dragons
  2 fenstrider witches (Pan)
  3 draconian monks
  3 quicksilver elementals (Dis:1)
  9 rockslimes
  20 vault wardens
  14 draconian shifters
  13 frost giants
  An angel (Pan)
  24 balrugs
  6 deep elf elementalists
  17 ghouls
  18 cacodemons
  5 draconian scorchers
  A juggernaut zombie (Crypt:3)
  10 deep elf sorcerers
  10 ghost moths
  A caustic shrike zombie (Depths:1)
  3 curse skulls
  9 draconian stormcallers
  11 ironbound preservers
  5 broodmothers
  7 caustic shrike skeletons (Pan)
  15 formless jellyfish
  2 orc warlords
  58 very ugly things
  3 ironbound thunderhulks
  12 stone giants
  3 demonspawn corrupters
  13 quicksilver oozes
  10 demonspawn blood saints (Pan)
  5 juggernaut skeletons
  15 reapers (Pan)
  13 draconian annihilators
  13 deep elf death magi
  The ghost of Obbaitis the Bludgeoner, a journeyman MiBe of Trog (Elf:2)
  3 eleionomae
  24 yellow draconians
  12 deep elf annihilators
  19 green draconians
  18 black draconians
  3 vampire knights
  10 lorocyprocas
  20 red draconians
  5 demonspawn black suns (Pan)
  A wendigo (Hell)
  12 white draconians
  7 deep elf demonologists
  15 purple draconians
  A minotaur (Gauntlet)
  4 bunyips
  8 spark wasps
  10 war gargoyles
  16 blizzard demons
  4 eidola
  The ghost of Tetyinue the Fighter, a journeyman CoCK of Xom (Lair:1)
  2 iron golems
  13 green deaths
  5 fire dragons
  3 crystal guardians
  4 merfolk impalers
  2 merfolk javelineers (Depths:1)
  14 yaktaur captains
  9 deep elf high priests
  9 jiangshi
  6 entropy weavers
  15 ettins
  14 great orbs of eyes
  3 shambling mangroves
  14 rakshasas
  Harold (D:9)
  13 ice dragons
  7 hell beasts
  A caustic shrike simulacrum (Hell)
  A quicksilver dragon skeleton (Crypt:3)
  30 vault guards
  12 hydras
  A spriggan air mage (Depths:1)
  2 spriggan zombies
  Fannar (Lair:2)
  A jorogumo (Spider:1)
  An Orb Guardian zombie (Crypt:2)
  4 ghost crabs
  8 ironbound frosthearts
  3 spriggan skeletons
  6 ogre magi
  A peacekeeper (Vaults:1)
  2 radroaches
  A fenstrider witch skeleton (Crypt:1)
  40 dancing weapons
  3 alligators
  3 merfolk aquamancers (Pan)
  12 two-headed ogres
  7 death knights
  13 boulder beetles
  11 deep troll shamans
  14 hell hogs
  18 centaur warriors
  8 tengu warriors
  3 vampire magi
  5 death yaks (Lair:5)
  6 orc high priests (Orc:2)
  28 thrashing horrors
  7 occultists
  7 deep troll earth magi
  6 spriggan berserkers
  4 shock serpents (Zot:3)
  13 deep elf knights
  12 demonic crawlers
  28 hell knights
  2 crystal echidnas
  96 sun demons
  5 skysharks
  30 soul eaters
  A storm dragon zombie (Crypt:3)
  An emperor scorpion zombie (Crypt:2)
  A golden dragon zombie (Depths:3)
  4 hellephant skeletons (Pan)
  Lodul (D:10)
  2 fire crabs (Abyss:3)
  3 fire crabs (shapeshifter)
  2 quicksilver dragon simulacra
  11 wretched stars
  4 pharaoh ants
  29 skeletal warriors
  2 goliath frogs
  A shadow wraith (Crypt:2)
  A spark wasp zombie (Depths:1)
  7 iron trolls
  18 sixfirhies
  A death drake (Swamp:3)
  6 spriggan druids
  A spatial maelstrom (Abyss:4)
  6 swamp dragons (Swamp:4)
  47 deep trolls
  6 flayed ghosts
  3 arcanists
  13 orb spiders
  A bunyip skeleton (Crypt:1)
  11 bog bodies
  4 glowing orange brains
  11 shadow demons
  14 sun moths
  A spectral hydra (Swamp:4)
  2 orange crystal statues
  11 phantasmal warriors
  20 necromancers
  10 lindwurms
  A sea snake (shapeshifter) (Vaults:5)
  A golden dragon skeleton (Crypt:3)
  Pikel (D:4)
  A harpy (shapeshifter) (D:15)
  9 steelbarb worms
  14 ironbound convokers
  2 shock serpents (shapeshifter)
  9 deep elf archers
  5 spectral wolf spiders (Spider:2)
  An alligator zombie (Crypt:1)
  9 thermic dynamos
  5 lightning spires (Zot:3)
  18 deep elf zephyrmancers
  3 wolf spider zombies (Spider:2)
  13 orc knights
  4 will-o-the-wisps
  A stone giant zombie (Crypt:1)
  An iron dragon zombie (Crypt:1)
  54 ugly things
  27 wolf spiders
  4 manticores
  21 deep elf pyromancers
  5 oklob plants
  A shadow dragon skeleton (Crypt:3)
  10 orc sorcerers
  32 moths of wrath
  2 human skeletons (Vaults:1)
  4 shining eyes
  2 worldbinders (Abyss:4)
  4 cyclopes
  6 toenail golems
  5 rust devils
  Joseph (D:10)
  7 meliai
  5 black mambas
  4 eyes of devastation
  2 guardian serpents (Abyss:4)
  A titan simulacrum (Hell)
  A black mamba (shapeshifter) (Elf:2)
  4 kobold blastminers
  2 naga magi (Abyss:4)
  22 orange demons
  A guardian serpent (shapeshifter) (Depths:3)
  16 vault sentinels
  An elephant (shapeshifter) (Elf:2)
  A frost giant skeleton (Depths:1)
  A water nymph (shapeshifter) (Vaults:5)
  A meliai (shapeshifter) (D:15)
  9 torpor snails
  2 centaur skeletons (Crypt:3)
  2 gargoyles
  7 apocalypse crabs
  38 smoke demons
  An eye of devastation (shapeshifter) (Elf:2)
  A kobold demonologist (D:13)
  50 large abominations
  5 cane toads
  19 efreet
  An unseen horror (D:11)
  6 hellions
  An alligator snapping turtle skeleton (Crypt:2)
  14 freezing wraiths
  25 rime drakes
  17 tormentors
  A komodo dragon (shapeshifter) (Vaults:5)
  5 komodo dragons
  36 yaktaurs
  10 ancient zymes
  7 tengu conjurers
  A red devil (Zot:4)
  4 ice devils
  3 hydra zombies (Swamp:4)
  A harpy zombie (Abyss:3)
  6 merfolk (Pan)
  2 golden dragon simulacra (Depths:2)
  A queen bee (shapeshifter) (Lair:5)
  20 hellwings
  An iron troll skeleton (Crypt:3)
  3 harpy skeletons
  2 polar bears (shapeshifter)
  A hornet (shapeshifter) (Lair:5)
  8 trolls
  A tarantella zombie (Crypt:1)
  6 wolf spider simulacra (Spider:2)
  17 tyrant leeches
  17 polar bears
  A dream sheep (shapeshifter) (Vaults:5)
  5 glass eyes
  33 tarantellas
  2 fire giant simulacra (Depths:2)
  A frost giant simulacrum (Depths:1)
  5 hornets
  33 raiju
  A stone giant simulacrum (Vaults:1)
  11 dream sheep
  16 blink frogs
  2 hydra skeletons
  A satyr zombie (Crypt:1)
  55 slime creatures
  A radroach zombie (Crypt:2)
  Sigmund (D:3)
  32 jumping spiders
  8 wraiths
  25 culicivoras
  5 spriggans
  A yak (shapeshifter) (Elf:2)
  3 air elementals
  21 ynoxinuls
  2 ettin skeletons
  5 shadows
  23 small abominations
  A naga simulacrum (Crypt:1)
  17 water elementals
  3 wyverns
  22 fire elementals
  36 yaks
  5 vampires
  An elf zombie (Vaults:1)
  6 basilisks
  21 humans
  17 golden eyes
  A hog (shapeshifter) (Elf:2)
  74 redbacks
  8 vampire mosquitoes
  2 steam dragons
  22 neqoxecs
  21 chaos spawn
  6 wargs
  2 harpy simulacra
  A naga zombie (Crypt:3)
  3 spatial vortices (Abyss:4)
  Menkaure (D:6)
  2 acid dragons
  3 nagas (Abyss:4)
  20 swamp worms
  A glowing shapeshifter zombie (Depths:1)
  4 hydra simulacra (Swamp:4)
  A demonspawn skeleton (Crypt:2)
  6 hell hounds
  A fire bat skeleton (Crypt:1)
  A water moccasin (shapeshifter) (D:13)
  35 orc warriors
  11 water moccasins
  2 sky beasts
  5 black bears
  5 ice beasts
  A lindwurm zombie (Crypt:3)
  3 swamp drakes
  48 laughing skulls
  13 ogres
  3 boggarts
  A manticore skeleton (Crypt:3)
  21 wolves
  A phantom (D:6)
  14 centaurs
  A lindwurm skeleton (Crypt:2)
  A swamp dragon skeleton (Swamp:4)
  2 lemures (D:4)
  A rime drake zombie (Crypt:1)
  2 weeping skulls (Abyss:4)
  2 brain worms (Abyss:3)
  5 kobold brigands
  A komodo dragon zombie (Crypt:3)
  A rime drake skeleton (Crypt:3)
  Blork the orc (D:5)
  8 bullfrogs
  A yaktaur zombie (Crypt:1)
  2 earth elementals
  2 glowing shapeshifter simulacra
  3 gnoll sergeants
  3 scorpions
  A water moccasin zombie (Crypt:1)
  3 wights (Abyss:4)
  A warg skeleton (Crypt:2)
  9 killer bees
  8 vampire bats (Bailey)
  4 electric eels
  3 howler monkeys (D:10)
  6 wolf zombies (Bailey)
  A bombardier beetle (D:5)
  3 lava snakes (D:12)
  A black bear zombie (Crypt:1)
  36 jellies
  3 quasits (Abyss:4)
  32 orc priests
  4 hounds
  40 starcursed masses
  Jessica (D:3)
  28 orc wizards
  2 sleepcaps
  3 iguanas (D:5)
  6 hell rats (Hell)
  Natasha (thrice) (D:3 D:2)
  A naga skeleton (Crypt:2)
  A tengu skeleton (Crypt:2)
  3 swamp drake zombies (Swamp:4)
  5 adders
  18 gnolls
  A shadow imp (D:8)
  A swamp drake skeleton (Swamp:4)
  3 white imps (D:6)
  2 ufetubi (Abyss:3)
  A lava snake zombie (Crypt:2)
  A lava snake skeleton (Crypt:2)
  A ribbon worm (shapeshifter) (Lair:5)
  6 dart slugs
  88 orcs
  10 endoplasms
  3 giant cockroaches
  13 goblins
  14 hobgoblins
  2 jackals (D:2)
  4 quokkas
  8 ball pythons
  5 bats
  3 frilled lizards
  30 kobolds
  20 orc zombies (Bailey)
  5 rats
  A ball lightning (Pan)
  7 fire vortices
  2 lurking horrors (Abyss:4)
  2 spectral weapons (Vaults:3)
  16 starspawn tentacles
  5 tentacles (Abyss:3)
3737 creatures vanquished.

Vanquished Creatures (collateral kills)
  Mnoleg (Pan)
  A tentacled monstrosity (Pan)
  3 cacodemons (Pan)
  A black draconian (Depths:4)
  An ettin (Pan)
  A great orb of eyes (Pan)
  3 shadow demons (Pan)
  A harpy (shapeshifter) (Depths:4)
  2 orange demons (Pan)
  A neqoxec (Pan)
  2 chaos spawn (Pan)
17 creatures vanquished.

Vanquished Creatures (others)
  A golden dragon (Zot:5)
  An electric golem (Zot:5)
  Asterion (Vaults:3)
  2 eldritch tentacles (Pan)
  A draconian knight (Zot:3)
  A protean progenitor (Pan)
  A draconian scorcher (Zot:5)
  A draconian annihilator (Zot:5)
  2 green draconians (Zot:5)
  A demonspawn black sun (Pan)
  3 black draconians
  A purple draconian (Zot:5)
  2 yellow draconians
  2 red draconians (Zot:5)
  2 white draconians (Zot:5)
  2 spark wasps (Zot:3)
  A jorogumo (Pan)
  A centaur warrior (D:14)
  A thrashing horror (Abyss:4)
  A sixfirhy (Pan)
  A sun moth (Pan)
  A hellion (Pan)
  A tormentor (Pan)
  2 hellwings (Pan)
  A tarantella (Spider:2)
  A neqoxec (Pan)
  A golden eye (Abyss:4)
  A swamp worm (Swamp:3)
  A chaos spawn (Pan)
  2 boggarts
  A lava snake (D:12)
  An orc priest (Orc:2)
  2 hell rats (Hell)
  7 ball lightnings (Pan)
  A creeping inferno (Hell)
  8 foxfires
  2 spectral weapons
  17 starspawn tentacles
  4 tentacles (Abyss:3)
83 creatures vanquished.

Grand Total: 3837 creatures vanquished

Notes
Turn   | Place    | Note
-------+----------+-------------------------------------------
     0 | D:1      | RepHenryClay the Mountain Dwarf Fighter began the quest for
                  | the Orb.
     0 | D:1      | Reached XP level 1. HP: 19/19 MP: 1/1
   421 | D:1      | Found Latut's Armour Boutique.
   430 | D:1      | Reached XP level 2. HP: 26/26 MP: 2/2
   711 | D:1      | Found a faded altar of an unknown god.
  1037 | D:2      | Reached XP level 3. HP: 31/31 MP: 3/3
  1992 | D:3      | Noticed Jessica
  1998 | D:3      | Killed Jessica
  1999 | D:3      | Reached XP level 4. HP: 38/38 MP: 4/4
  2016 | D:3      | Found Pizikuha's Antique Weapon Shop.
  2034 | D:3      | Noticed Natasha
  2043 | D:3      | Killed Natasha
  2106 | D:3      | You fall into a shaft and drop 1 floor!
  2126 | D:4      | Found a blossoming altar of Fedhas.
  2328 | D:4      | Found a staircase to the Ecumenical Temple.
  2395 | Temple   | Entered the Ecumenical Temple
  2408 | Temple   | Became a worshipper of Gozag Ym Sagoz the Greedy
  2430 | D:4      | Noticed a lemure
  2614 | D:3      | Found a broken altar of Ashenzari.
  2643 | D:3      | Noticed Natasha
  2656 | D:3      | Killed Natasha
  2657 | D:3      | Reached skill level 5 in Axes
  2657 | D:3      | Reached XP level 5. HP: 33/45 MP: 5/5
  2908 | D:3      | Noticed Sigmund
  2973 | D:3      | Noticed Natasha
  2998 | D:2      | Killed Natasha
  3474 | D:4      | Found a bloodstained altar of Trog.
  3474 | D:4      | Noticed a black bear
  3474 | D:4      | Noticed a black bear
  3603 | D:5      | Entered Level 5 of the Dungeon
  3808 | D:5      | Reached skill level 5 in Armour
  3835 | D:5      | Reached XP level 6. HP: 51/51 MP: 6/6
  3835 | D:5      | Noticed Blork the orc
  3843 | D:5      | Killed Blork the orc
  4513 | D:5      | Reached XP level 7. HP: 21/57 MP: 7/7
  4882 | D:5      | Noticed a two-headed ogre
  5269 | D:6      | Noticed Menkaure
  5289 | D:6      | Killed Menkaure
  5761 | D:6      | Reached XP level 8. HP: 19/63 MP: 8/8
  6173 | D:6      | Reached skill level 10 in Axes
  6328 | D:7      | Found a flagged portal.
  6337 | Bailey   | Entered a bailey
  6679 | Bailey   | Noticed a gargoyle
  6696 | Bailey   | Gained mutation: You occasionally shout uncontrollably at
                  | your foes. [potion of mutation]
  6696 | Bailey   | Gained mutation: You have sharp toenails. [potion of
                  | mutation]
  6714 | Bailey   | Killed a gargoyle
  6715 | Bailey   | Reached XP level 9. HP: 44/70 MP: 9/9
  7607 | D:5      | Killed a two-headed ogre
  8298 | D:1      | Bought the +3 warlock's mirror {omnireflect} for 560 gold
                  | pieces
  8298 | D:1      | Found the +3 warlock's mirror {omnireflect}
  8370 | D:3      | Killed Sigmund
  8424 | D:3      | Found an ancient bone altar of Kikubaaqudgha.
  8424 | D:3      | Found a faded altar of an unknown god.
  8432 | D:3      | Found a burning altar of Makhleb.
  8434 | D:3      | Found a faded altar of an unknown god.
  8436 | D:3      | Found a sacrificial altar of Ru.
  8548 | D:4      | Reached XP level 10. HP: 77/77 MP: 10/10
  8683 | D:4      | Noticed Pikel
  8712 | D:4      | Killed Pikel
  8713 | D:4      | Reached skill level 5 in Shields
  9623 | D:8      | Reached skill level 5 in Fighting
 10705 | D:8      | Identified the +1 flail "Omeemevi" {protect, rElec rN++
                  | Str-4 SInv}
 10723 | D:8      | Found a hazy altar of Hepliaklqana.
 11122 | D:9      | Noticed a two-headed ogre
 11135 | D:9      | Killed a two-headed ogre
 11136 | D:9      | Reached skill level 10 in Armour
 11205 | D:9      | Noticed Gastronok
 11343 | D:9      | Noticed Harold
 11441 | D:9      | Killed Harold
 11777 | D:9      | Reached XP level 11. HP: 76/92 MP: 11/11
 12232 | D:9      | Found a staircase to the Lair.
 12283 | D:9      | Reached skill level 15 in Axes
 12770 | Lair:1   | Entered Level 1 of the Lair of Beasts
 12799 | Lair:1   | Found a runed translucent gate.
 12799 | Lair:1   | Found a runed translucent gate.
 12799 | Lair:1   | Found a runed translucent gate.
 12853 | Lair:1   | Reached skill level 1 in Throwing
 13042 | Lair:1   | Noticed Tetyinue's ghost (journeyman CoCK)
 13042 | Lair:1   | Noticed a great orb of eyes
 13876 | Lair:1   | Found a viscous altar of Jiyva.
 13975 | Lair:2   | Noticed a seven-headed hydra
 13993 | Lair:2   | Killed a seven-headed hydra
 14194 | Lair:2   | Noticed a six-headed hydra
 14219 | Lair:2   | Killed a six-headed hydra
 14913 | Lair:2   | Noticed Fannar
 15001 | Lair:2   | Noticed an eight-headed hydra
 15019 | Lair:2   | Found a hole to the Spider Nest.
 15302 | D:10     | Entered Level 10 of the Dungeon
 15509 | D:10     | Reached XP level 12. HP: 67/100 MP: 12/12
 15697 | D:3      | Bought a fading battleaxe for 310 gold pieces
 15697 | D:3      | Identified the +6 battleaxe "Beemema" {holy, MP+9} (You
                  | bought it in a shop on level 3 of the Dungeon)
 16092 | D:10     | Noticed Lodul
 16109 | D:10     | Killed Lodul
 16388 | D:10     | Found a staircase to the Orcish Mines.
 16542 | D:10     | Noticed a two-headed ogre
 16556 | D:10     | Killed a two-headed ogre
 16566 | D:10     | Noticed Joseph
 16589 | D:10     | Killed Joseph
 16634 | D:10     | Found Qoekloy's Magic Scroll Boutique.
 16641 | D:10     | Bought a scroll of teleportation for 45 gold pieces
 16641 | D:10     | Bought a scroll of blinking for 112 gold pieces
 16661 | D:10     | Bought a scroll of revelation for 112 gold pieces
 16738 | Orc:1    | Entered Level 1 of the Orcish Mines
 17135 | Orc:2    | Entered Level 2 of the Orcish Mines
 17135 | Orc:2    | Noticed Donald
 17164 | Orc:1    | Killed Donald
 17402 | Orc:1    | Found Nusm's Armour Boutique.
 17584 | Orc:1    | Found a transporter.
 17594 | Orc:1    | Noticed a two-headed ogre
 17600 | Orc:1    | Noticed an ettin
 17610 | Orc:1    | Noticed an ettin
 17638 | Orc:1    | Bought a +0 pair of gloves of infusion for 207 gold pieces
 17764 | Orc:1    | Noticed a two-headed ogre
 17869 | Orc:1    | Found Cijuecwy's Book Shop.
 17878 | Orc:1    | Found a shimmering blue altar of Sif Muna.
 18124 | Orc:1    | Found Getipud's Antique Weapon Shoppe.
 18141 | Orc:1    | Found a roughly hewn altar of Beogh.
 18141 | Orc:1    | Found a transporter.
 18598 | Orc:2    | Found a roughly hewn altar of Beogh.
 18633 | Orc:2    | Paralysed by an orc sorcerer for 5 turns
 18972 | Orc:2    | Found a roughly hewn altar of Beogh.
 19208 | Orc:2    | Noticed an orc high priest
 19229 | Orc:2    | Killed an orc high priest
 19552 | Orc:2    | Found a staircase to the Elven Halls.
 20328 | D:11     | Reached XP level 13. HP: 110/110 MP: 0/13
 21433 | D:12     | Reached skill level 15 in Armour
 21907 | Lair:2   | Killed Fannar
 22915 | Lair:2   | Found a staircase to the Swamp.
 23759 | Lair:3   | Reached skill level 10 in Fighting
 24865 | Lair:4   | Identified the +7 flail "Sith" {spect, rC++ Str+2}
 24985 | Lair:4   | Identified the amulet of Xom's Full Attention {RegenMP
                  | Slay+2}
 25020 | Lair:4   | Found a dark tunnel.
 25026 | Volcano  | Entered a volcano
 25334 | Volcano  | Reached XP level 14. HP: 115/124 MP: 14/14
 25726 | Lair:4   | Found a staircase to the Slime Pits.
 25726 | Lair:4   | Found a viscous altar of Jiyva.
 25808 | Lair:4   | Found a shimmering altar of Xom.
 26133 | Lair:5   | Entered Level 5 of the Lair of Beasts
 26136 | Lair:5   | Identified the amulet "Joqenif" {RegenMP Str-4 Int+6}
 27849 | Lair:5   | Found a corrupted altar of Lugonu.
 27849 | Lair:5   | Found a one-way gate to the infinite horrors of the Abyss.
 28494 | D:9      | Killed Gastronok
 28882 | Orc:2    | Found Deintecu's Distillery.
 28888 | Orc:2    | Found Rach's Distillery.
 29114 | Orc:2    | Bought a potion of heal wounds for 70 gold pieces
 29114 | Orc:2    | Bought a potion of heal wounds for 70 gold pieces
 29116 | Orc:2    | Bought a potion of curing for 33 gold pieces
 29116 | Orc:2    | Bought a potion of haste for 110 gold pieces
 29661 | Orc:2    | Paralysed by an orc sorcerer for 2 turns
 29742 | Orc:2    | Found Harimog's Jewellery Shoppe.
 29742 | Orc:2    | Found Lerireuzi's Antique Weapon Emporium.
 29744 | Orc:2    | Found a one-way gate leading to the halls of Pandemonium.
 29749 | Orc:2    | Bought a runed war axe for 188 gold pieces
 29876 | D:11     | Reached XP level 15. HP: 79/135 MP: 10/15
 29890 | D:11     | Bought the ring of Xeifro Bunt {^Drain rC+ rN+ Will++
                  | Int+6} for 876 gold pieces
 30288 | D:12     | Found a runed translucent door.
 30542 | D:12     | Found a runed translucent gate.
 30542 | D:12     | Found a runed translucent gate.
 30543 | D:12     | Found a runed translucent gate.
 30543 | D:12     | Found a runed translucent gate.
 30543 | D:12     | Found a runed translucent gate.
 30543 | D:12     | Found a runed translucent gate.
 30578 | D:12     | Identified the +5 whip "Wucuyczuk" {elec, Int+2}
 30956 | D:12     | Identified the amulet of the Final Decision {Faith +Blink
                  | Will+}
 31113 | D:10     | Bought a scroll of enchant armour for 112 gold pieces
 31113 | D:10     | Bought 3 scrolls of enchant weapon for 337 gold pieces
 31498 | D:13     | Found Muahab's Book Shop.
 32062 | D:14     | Found a gate to the Vaults.
 32258 | D:14     | Upgraded the game from 0.32-a0-520-g344ed53f66 to
                  | 0.32-a0-540-g866d13106e
 32619 | D:14     | Identified the +0 plate armour "Efiot" {rN+}
 32932 | D:15     | Entered Level 15 of the Dungeon
 33132 | D:15     | Found a gate leading to a gauntlet.
 33141 | Gauntlet | Entered a Gauntlet
 33141 | Gauntlet | Found a transporter.
 33307 | Gauntlet | Found a transporter.
 33308 | Gauntlet | Found a transporter.
 33322 | Gauntlet | Found a transporter.
 33325 | Gauntlet | Found a transporter.
 33328 | Gauntlet | Found a runed translucent gate.
 33328 | Gauntlet | Found a runed translucent gate.
 33328 | Gauntlet | Found a runed translucent gate.
 33331 | Gauntlet | Found a transporter.
 33347 | Gauntlet | Found a transporter.
 33359 | Gauntlet | Found a transporter.
 33367 | Gauntlet | Found a runed translucent door.
 33370 | Gauntlet | Found a transporter.
 33371 | Gauntlet | Found a runed translucent door.
 33385 | Gauntlet | Found a transporter.
 33385 | Gauntlet | Found a transporter.
 33399 | Gauntlet | Found a transporter.
 33410 | Gauntlet | Found a transporter.
 33410 | Gauntlet | Found a transporter.
 33516 | Gauntlet | Gained mutation: You are vulnerable to cold. (rC-) [a
                  | shining eye]
 33535 | Gauntlet | Lost mutation: You have sharp toenails. [potion of
                  | mutation]
 33535 | Gauntlet | Lost mutation: You occasionally shout uncontrollably at
                  | your foes. [potion of mutation]
 33535 | Gauntlet | Lost mutation: You are vulnerable to cold. (rC-) [potion of
                  | mutation]
 33535 | Gauntlet | Gained mutation: You are vulnerable to cold. (rC-) [potion
                  | of mutation]
 33536 | Gauntlet | Lost mutation: You are vulnerable to cold. (rC-) [potion of
                  | mutation]
 33536 | Gauntlet | Gained mutation: You passively map a small area around you.
                  | [potion of mutation]
 33536 | Gauntlet | Gained mutation: Your magical capacity is low. (-10% MP)
                  | [potion of mutation]
 33536 | Gauntlet | Gained mutation: Armour fits poorly on your strangely
                  | shaped body. [potion of mutation]
 33658 | Gauntlet | Identified the ring "Xivesen" {rF+ rC+ EV+5 Str+3 Dex+4}
 33681 | Gauntlet | Identified the +11 dagger "Gickuz" {freeze, rC+ Int+2}
 33693 | Gauntlet | Reached XP level 16. HP: 143/147 MP: 12/14
 33708 | Gauntlet | Identified the +2 robe of the Vacuum {rElec rN+ Regen+
                  | Stlth+}
 33723 | Gauntlet | Got Deddibaff's Annotations on the Serac
 34088 | D:15     | Reached skill level 15 in Fighting
 34285 | D:15     | Reached skill level 5 in Throwing
 35065 | D:15     | Found a staircase to the Depths.
 35182 | D:14     | Lost mutation: You passively map a small area around you.
                  | [potion of mutation]
 35182 | D:14     | Lost mutation: Your magical capacity is low. (-10% MP)
                  | [potion of mutation]
 35182 | D:14     | Lost mutation: Armour fits poorly on your strangely shaped
                  | body. [potion of mutation]
 35182 | D:14     | Gained mutation: Your spells are a little easier to cast,
                  | but a little less powerful. [potion of mutation]
 35182 | D:14     | Gained mutation: You occasionally lose the ability to read
                  | scrolls when taking damage. [potion of mutation]
 35285 | Orc:2    | Bought 2 potions of mutation for 224 gold pieces
 35287 | Orc:2    | Bought a potion of mutation for 88 gold pieces
 35287 | Orc:2    | Lost mutation: Your spells are a little easier to cast, but
                  | a little less powerful. [potion of mutation]
 35287 | Orc:2    | Lost mutation: You occasionally lose the ability to read
                  | scrolls when taking damage. [potion of mutation]
 35287 | Orc:2    | Gained mutation: You are dopey. (Int -2) [potion of
                  | mutation]
 35287 | Orc:2    | Gained mutation: Your body sometimes deteriorates upon
                  | taking damage. [potion of mutation]
 35345 | Orc:1    | Reached skill level 1 in Evocations
 35772 | Lair:1   | Killed Tetyinue's ghost
 35880 | Spider:1 | Entered Level 1 of the Spider Nest
 36582 | Spider:1 | Identified the +0 helmet "Laneifao" {rCorr Str+4 Int+2}
 37858 | Spider:2 | Reached skill level 5 in Evocations
 37935 | Spider:2 | Noticed Roxanne
 38771 | Spider:2 | Reached XP level 17. HP: 160/160 MP: 17/17
 40693 | Spider:3 | Found a large runed translucent door.
 40703 | Spider:3 | Found a large runed translucent door.
 40781 | Spider:3 | Noticed Agnes
 41021 | Spider:3 | Killed Agnes
 41241 | Spider:3 | Noticed Doehiogo's ghost (adept DsRe)
 41806 | Spider:3 | Killed Doehiogo's ghost
 41868 | Spider:3 | Identified the ring "Tucacvof" {rC++ SInv}
 41900 | Spider:4 | Entered Level 4 of the Spider Nest
 42590 | Spider:4 | Found a runed translucent gate.
 42590 | Spider:4 | Noticed Ceotz's ghost (adept MiFi)
 42590 | Spider:4 | Noticed Doehiogo's ghost (adept DsRe)
 42593 | Spider:4 | Noticed Niv Okit's ghost (adept TeFi)
 42608 | Spider:4 | Reached skill level 10 in Throwing
 43244 | Spider:4 | Found a runed translucent gate.
 43245 | Spider:4 | Found a runed translucent gate.
 43380 | Spider:4 | Killed Niv Okit's ghost
 43622 | Spider:4 | Killed Doehiogo's ghost
 43630 | Spider:4 | Killed Ceotz's ghost
 43651 | Spider:4 | Identified the +0 cloak of Discretion {rF+ SInv}
 43849 | Spider:4 | Noticed Bai Suzhen
 44314 | Spider:4 | Reached XP level 18. HP: 144/176 MP: 18/18
 44671 | Spider:4 | Got a gossamer rune of Zot
 45084 | Vaults:1 | Entered Level 1 of the Vaults
 46192 | Vaults:1 | Identified the +1 robe of Cynicism {Str+2 Dex+2}
 46539 | Vaults:1 | Identified the +1 ring mail "Syap" {+Blink rPois Int-5
                  | Dex-5}
 47810 | Vaults:2 | Paralysed by a formless jellyfish for 1 turns
 48995 | Vaults:3 | Reached XP level 19. HP: 177/187 MP: 19/19
 49515 | Vaults:3 | Noticed a bone dragon
 49526 | Vaults:3 | Killed a bone dragon
 50287 | Vaults:3 | Found a staircase to the Crypt.
 50395 | Vaults:3 | Noticed Asterion
 50475 | Vaults:3 | Killed Asterion
 51835 | Vaults:4 | Identified the ring "Hequq" {rPois rCorr}
 51941 | Vaults:4 | Noticed Mara
 51948 | Vaults:4 | Killed Mara
 53198 | Swamp:1  | Entered Level 1 of the Swamp
 53907 | Swamp:2  | Reached skill level 10 in Evocations
 54252 | Swamp:2  | Noticed Frances
 54263 | Swamp:2  | Killed Frances
 54495 | Swamp:2  | Identified the +0 buckler of Gestures {rN+ Regen+ Str+2
                  | Int+2}
 55115 | Swamp:3  | Identified a scroll of acquirement
 55125 | Swamp:3  | Acquired 692 gold pieces
 55795 | Swamp:4  | Entered Level 4 of the Swamp
 55828 | Swamp:4  | Found a glacial archway.
 55839 | IceCv    | Entered an ice cave
 55879 | IceCv    | Reached XP level 20. HP: 200/200 MP: 20/20
 56010 | IceCv    | Identified the +1 glaive "Latet" {vamp, rElec Int+3 SInv}
 56373 | IceCv    | Found the +3 pair of gauntlets of War {Slay+5}
 57950 | Swamp:4  | Found a blossoming altar of Fedhas.
 57994 | Swamp:4  | Found a basalt altar of Yredelemnul.
 58981 | Swamp:4  | Got a decaying rune of Zot
 59288 | Depths:1 | Entered Level 1 of the Depths
 59994 | Depths:1 | Found a shimmering altar of Xom.
 60486 | Depths:1 | Found a gateway to Hell.
 60744 | Depths:1 | Got the Compilation of the Chupacabra
 61168 | Orc:2    | Bought the amulet "Ludud" {Faith ^Fragile rElec rC+++} for
                  | 917 gold pieces
 62098 | Depths:2 | Reached XP level 21. HP: 202/212 MP: 21/21
 62100 | Depths:2 | Identified the ring of Iplic {Ice ^Drain rElec rPois SInv}
 62100 | Depths:2 | Noticed Josephina
 62110 | Depths:2 | Killed Josephina
 62230 | Depths:2 | Identified the ring "Ottynla" {rF+ Str+4 Dex+3}
 62231 | Depths:2 | Found a radiant altar of Vehumet.
 62235 | Depths:2 | Found a transporter.
 62380 | Depths:2 | Found Taceusai's Antique Weapon Emporium.
 62805 | Depths:2 | Found Ruumuic's Distillery.
 62808 | Depths:2 | Bought a potion of curing for 42 gold pieces
 62808 | Depths:2 | Bought a potion of curing for 42 gold pieces
 62808 | Depths:2 | Bought a potion of resistance for 140 gold pieces
 62808 | Depths:2 | Bought 2 potions of haste for 280 gold pieces
 62854 | Depths:2 | Identified the +9 short sword "Xaeps" {pain, Str+4}
 63532 | Depths:2 | Found Raehyis's Armour Boutique.
 63889 | Depths:2 | Identified the +1 hat "Higomy" {Str+8}
 63913 | Depths:2 | Found a transporter.
 64445 | Depths:3 | Noticed a caustic shrike
 64453 | Depths:3 | Noticed Norris
 64454 | Depths:3 | Killed a caustic shrike
 65260 | Depths:3 | Killed Norris
 65621 | Depths:3 | Found Morcham's Elemental Accessories.
 66029 | Depths:3 | Found a hazy altar of Hepliaklqana.
 66140 | Depths:4 | Entered Level 4 of the Depths
 66634 | Depths:4 | Reached XP level 22. HP: 186/226 MP: 22/22
 66897 | Depths:4 | Found a one-way gateway to a ziggurat.
 66944 | Depths:4 | Found Ruzuse's Magic Scroll Boutique.
 66954 | Depths:4 | Bought a scroll of teleportation for 63 gold pieces
 67512 | Depths:4 | Found a gate to the Realm of Zot.
 67535 | Depths:4 | Reached skill level 27 in Armour
 68994 | Elf:1    | Entered Level 1 of the Elven Halls
 69146 | Elf:1    | Identified the +1 scale mail of Xom's Whim {Int+5}
 69154 | Elf:1    | Found Saobbonaiq's Assorted Antiques.
 69154 | Elf:1    | Found Xigix's Armour Shop.
 69178 | Elf:1    | Bought a pair of dazzling gloves for 313 gold pieces
 69178 | Elf:1    | Identified the +2 pair of gloves "Pogush" {Rampage rF- rN+
                  | Dex+2} (You bought it in a shop on level 1 of the Elven
                  | Halls)
 69178 | Elf:1    | Bought a scroll of blinking for 247 gold pieces
 69188 | Abyss:2  | Cast into level 2 of the Abyss (deep elf zephyrmancer)
 69337 | Abyss:3  | Got an abyssal rune of Zot
 69399 | Elf:1    | Escaped the Abyss
 69404 | Elf:1    | You fall into a shaft and drop 1 floor!
 69415 | Elf:2    | Paralysed by an air elemental for 1 turns
 69417 | Elf:2    | Paralysed by an air elemental for 1 turns
 69437 | Elf:2    | Found a runed translucent gate.
 69437 | Elf:2    | Found a runed translucent gate.
 69437 | Elf:2    | Found a runed translucent gate.
 69935 | Elf:1    | Reached skill level 27 in Fighting
 69971 | Elf:1    | Found Reascha's Jewellery Shoppe.
 70330 | Elf:2    | Paralysed by an air elemental for 1 turns
 70334 | Elf:2    | Paralysed by an air elemental for 1 turns
 70828 | Elf:2    | Found a runed translucent gate.
 70829 | Elf:2    | Found a runed translucent gate.
 70831 | Elf:2    | Found a runed translucent gate.
 71069 | Elf:2    | Found a runed translucent gate.
 71069 | Elf:2    | Found a runed translucent gate.
 71077 | Elf:2    | Found a runed translucent gate.
 71086 | Elf:2    | Noticed Obbaitis's ghost (journeyman MiBe)
 71530 | Elf:2    | Reached XP level 23. HP: 239/240 MP: 23/23
 71870 | Elf:3    | Entered Level 3 of the Elven Halls
 71870 | Elf:3    | Found an ancient bone altar of Kikubaaqudgha.
 72388 | Elf:3    | Found Nywnem's Antique Weapon Boutique.
 72396 | Elf:3    | Bought a dazzling battleaxe for 414 gold pieces
 72396 | Elf:3    | Identified the +6 battleaxe of Anger {speed, rC+ rCorr
                  | Stlth+} (You bought it in a shop on level 3 of the Elven
                  | Halls)
 72848 | Elf:3    | HP: 10/240 [deep elf master archer/arrow (23)]
 73091 | Elf:3    | Identified the amulet of Ruuneot {Faith -Tele Regen+ Dex+3
                  | SInv}
 73099 | Elf:3    | Identified the ring "Fosogaf" {rPois Will++ Str+2}
 73148 | Elf:3    | Reached skill level 15 in Evocations
 73328 | Elf:3    | Identified the +1 falchion of Reuverch {venom, Fly Str+8
                  | Int-5}
 73541 | Elf:3    | Found the +27 heavy crossbow "Sniper" {heavy, Acc+∞ SInv}
 73551 | Elf:3    | Got the Grimoire of Weathered Cold
 73640 | Elf:3    | Identified the +0 robe of Ongoggil {rElec Int+2 Dex-4
                  | Stlth+}
 73647 | Elf:3    | Identified the +5 short sword of the Crawling Thing {holy,
                  | Will+}
 73648 | Elf:3    | Identified the +5 broad axe of the Thirteen Runes
                  | {antimagic, Str+2 Stlth+}
 73844 | Elf:2    | Gained mutation: Your magical capacity is low. (-10% MP) [a
                  | cacodemon]
 73851 | Elf:2    | Killed Obbaitis's ghost
 73867 | Elf:2    | Identified the +2 pair of boots "Inaol" {rF+ MP+9 Int+4
                  | Dex+3}
 73883 | Elf:2    | Gained mutation: Your health recovers twice as slowly from
                  | being drained. [mutagenic glow]
 74507 | Vaults:5 | Entered Level 5 of the Vaults
 74508 | Vaults:5 | Noticed a dread lich
 74508 | Vaults:5 | Noticed a dread lich
 74535 | Vaults:5 | Killed a dread lich
 74548 | Vaults:5 | Identified the ring of the Serpent {rF++ rN+ rCorr}
 74672 | Vaults:5 | Killed a dread lich
 74984 | Vaults:5 | Identified the +6 orcbow of the Open Hand {antimagic,
                  | Stlth+}
 74990 | Vaults:5 | Identified the ring of Free Will {rC+ rCorr Slay-2 SInv}
 74993 | Vaults:5 | Identified the +3 quarterstaff of Ysogin {freeze, Dex+3}
 75201 | Vaults:5 | Identified the +0 short sword of the Beginning {antimagic,
                  | Int+5 Stlth+}
 75205 | Vaults:5 | Identified the staff "Urumejic" {rF+ rC+ Str-4 Int+2 Ice
                  | Alchemy}
 75214 | Vaults:5 | Identified the +0 scale mail of Summertime {Dex+2}
 75220 | Vaults:5 | Identified the +6 short sword "Weywnoas" {flame, Int+2}
 75407 | Vaults:5 | Reached XP level 24. HP: 245/249 MP: 20/20
 75573 | Vaults:5 | Identified the +2 pair of gloves of Aloffubb {Dex+4 Stlth+}
 75759 | Vaults:5 | Identified the ring of Jiamiani {AC+4 Dex+2 Slay+5 SInv}
 76323 | Vaults:5 | Got a silver rune of Zot
 76694 | Vaults:5 | Noticed an ancient lich
 76700 | Vaults:5 | Killed an ancient lich
 77042 | Slime:1  | Entered Level 1 of the Pits of Slime
 77050 | Slime:1  | Paralysed by a formless jellyfish for 1 turns
 77057 | Slime:1  | Paralysed by a formless jellyfish for 1 turns
 77154 | Slime:2  | Paralysed by a formless jellyfish for 1 turns
 77157 | Slime:2  | Paralysed by a formless jellyfish for 1 turns
 77505 | Spider:4 | Killed Bai Suzhen
 77629 | Slime:3  | Reached skill level 1 in Dodging
 77680 | Slime:4  | Paralysed by a formless jellyfish for 1 turns
 77690 | Slime:4  | Paralysed by a formless jellyfish for 1 turns
 77853 | Slime:4  | Paralysed by a formless jellyfish for 1 turns
 77855 | Slime:4  | Paralysed by a formless jellyfish for 1 turns
 78228 | Slime:5  | Entered Level 5 of the Pits of Slime
 78259 | Slime:5  | Reached skill level 5 in Dodging
 78381 | Slime:5  | Noticed the Royal Jelly
 78464 | Slime:5  | Killed the Royal Jelly
 79078 | Slime:5  | Identified the amulet of Zin's Righteous Fury {Reflect Fly
                  | rElec rF- rN++ SH+5}
 79115 | Slime:5  | Identified the maw talisman of Idealism {*Slow rF+ Dex+4
                  | SInv}
 79124 | Slime:5  | Identified the +5 flail "Syasaobe" {flame, ^Contam rC- rN++
                  | Will+}
 79131 | Slime:5  | Identified the +3 shortbow "Forowim" {speed, rN++ Str+3}
 79155 | Slime:5  | Identified the +12 orcbow "Peummivi" {freeze, rC+}
 79157 | Slime:5  | Got a slimy rune of Zot
 79880 | Zot:1    | Entered Level 1 of the Realm of Zot
 79898 | Zot:1    | Reached skill level 10 in Dodging
 80409 | Zot:1    | Reached XP level 25. HP: 250/257 MP: 20/20
 80535 | Depths:4 | Bought a scroll of enchant armour for 157 gold pieces
 80535 | Depths:4 | Bought a scroll of enchant armour for 157 gold pieces
 80535 | Depths:4 | Bought a scroll of revelation for 157 gold pieces
 81047 | Zot:1    | Noticed an orb of fire
 82024 | Zot:1    | Noticed an orb of fire
 82036 | Zot:1    | Killed an orb of fire
 82825 | Zot:1    | Killed an orb of fire
 83594 | Zot:1    | You fall into a shaft and drop 1 floor!
 83764 | Zot:1    | Identified the +7 dagger of the Sage {speed, Fly Dex+2}
 85499 | Zot:3    | Noticed a Killer Klown
 85511 | Zot:2    | Killed a Killer Klown
 86743 | Zot:3    | Noticed a shard shrike
 86743 | Zot:3    | Noticed a shard shrike
 86751 | Zot:3    | Killed a shard shrike
 86776 | Zot:3    | Killed a shard shrike
 87208 | Zot:3    | Reached XP level 26. HP: 150/266 MP: 9/20
 89275 | Zot:3    | Identified the staff "Tateisiets" {rElec rF+ rC++ Int-4
                  | Stlth+ Air}
 90998 | Zot:4    | Upgraded the game from 0.32-a0-540-g866d13106e to
                  | 0.32-a0-558-g233958a4c4
 91673 | Zot:4    | Reached skill level 15 in Dodging
 92617 | Zot:4    | Acquired the +8 mithril axe "Arga" {speed, Will+}
 92617 | Zot:4    | Found the +8 mithril axe "Arga" {speed, Will+}
 93051 | Zot:5    | Entered Level 5 of the Realm of Zot
 93087 | Zot:4    | Learned a level 2 spell: Blink
 93269 | Zot:5    | Reached skill level 1 in Translocations
 93725 | Zot:5    | Noticed an orb of fire
 93759 | Zot:5    | Bought a scroll of teleportation for 87 gold pieces
 93939 | Zot:1    | Bought a scroll of teleportation for 84 gold pieces
 93939 | Zot:1    | Bought a potion of heal wounds for 140 gold pieces
 94403 | Crypt:1  | Entered Level 1 of the Crypt
 94741 | Crypt:1  | Noticed Zenata
 94764 | Crypt:1  | Killed Zenata
 95078 | Temple   | Fell from the grace of Gozag
 95078 | Temple   | Became a worshipper of the Shining One
 95539 | Crypt:1  | Reached * piety under the Shining One
 95655 | Crypt:1  | Reached skill level 5 in Translocations
 95666 | Crypt:1  | Reached skill level 1 in Invocations
 95679 | Crypt:1  | Reached ** piety under the Shining One
 95884 | Crypt:1  | Reached XP level 27. HP: 234/234 MP: 22/22
 95953 | Crypt:1  | Reached *** piety under the Shining One
 96183 | Crypt:1  | Reached skill level 5 in Invocations
 97278 | Crypt:2  | Reached **** piety under the Shining One
 97312 | Crypt:2  | Reached ***** piety under the Shining One
 97381 | Crypt:2  | Found a magical portal.
 97389 | WizLab   | Entered Tukima's Studio
 97570 | WizLab   | Noticed RepHenryClay's illusion
 97593 | WizLab   | Upgraded the game from 0.32-a0-558-g233958a4c4 to
                  | 0.32-a0-560-g4c7f4391e0
 98068 | WizLab   | Reached skill level 10 in Invocations
 98097 | WizLab   | Noticed RepHenryClay's illusion
 98342 | Crypt:2  | Reached ****** piety under the Shining One
 98345 | Crypt:2  | Identified a +9 broad axe of holy wrath (a +9 heavy broad
                  | axe blessed by the Shining One)
 98345 | Crypt:2  | Received a gift from the Shining One
 98386 | Crypt:2  | Noticed rbyellow5's ghost (adept OnWr)
 98681 | Crypt:2  | Found a runed translucent door.
 98883 | Crypt:2  | Killed rbyellow5's ghost
 98935 | Crypt:3  | Entered Level 3 of the Crypt
100012 | Crypt:3  | Noticed an ancient lich
100050 | Crypt:3  | Killed an ancient lich
100140 | Crypt:3  | Found a staircase to the Tomb.
100219 | Crypt:3  | Found a runed translucent door.
100219 | Crypt:3  | Found a shimmering altar of Xom.
100219 | Crypt:3  | Noticed Dome's ghost (veteran DsSu)
100249 | Crypt:3  | Found the +11 Singing Sword {sonic wave}
100265 | Crypt:3  | Reached skill level 15 in Invocations
100348 | Crypt:3  | Noticed a dread lich
100666 | Crypt:3  | Killed Dome's ghost
100715 | Crypt:3  | Noticed a dread lich
100760 | Crypt:3  | Killed a dread lich
100778 | Crypt:3  | Killed a dread lich
100789 | Crypt:3  | Identified the staff of the Thirteen Loafs {rElec rN+ Str+2
                  | Summ Necro}
100797 | Crypt:3  | Got Egaqol's Almanac of Iron Exhalation
100800 | Crypt:3  | Identified the ring of Ybiuck {Ice rCorr Str+3 Dex-5}
101170 | Hell     | Entered the Vestibule of Hell
101180 | Hell     | Noticed Geryon
101406 | Hell     | Killed Geryon
101434 | Hell     | Found a gateway to the Iron City of Dis.
101490 | Hell     | Found a gateway to the freezing wastes of Cocytus.
101541 | Hell     | Found a gateway to the ashen valley of Gehenna.
101637 | Hell     | Found a gateway to the decaying netherworld of Tartarus.
101791 | Depths:3 | Voluntarily entered the Abyss.
101887 | Abyss:3  | Found a corrupted altar of Lugonu.
102011 | Abyss:3  | Found a corrupted altar of Lugonu.
102066 | Abyss:3  | Found a corrupted altar of Lugonu.
102111 | Depths:3 | Escaped the Abyss
102113 | Depths:3 | Voluntarily entered the Abyss.
102287 | Depths:3 | Escaped the Abyss
102382 | Depths:3 | Voluntarily entered the Abyss.
102395 | Depths:3 | Escaped the Abyss
102397 | Depths:3 | Voluntarily entered the Abyss.
102545 | Abyss:4  | Identified the +5 scale mail of Integrity {rPois Int+5
                  | Dex+2}
102603 | Abyss:4  | Paralysed by accursed screaming for 1 turns
102862 | Depths:3 | Escaped the Abyss
102932 | Depths:3 | Voluntarily entered the Abyss.
103144 | Depths:3 | Escaped the Abyss
103172 | Depths:3 | Voluntarily entered the Abyss.
103172 | Abyss:4  | Found a corrupted altar of Lugonu.
103405 | Depths:3 | Escaped the Abyss
103407 | Depths:3 | Voluntarily entered the Abyss.
103438 | Depths:3 | Escaped the Abyss
103440 | Depths:3 | Voluntarily entered the Abyss.
103510 | Depths:3 | Escaped the Abyss
103567 | Depths:3 | Voluntarily entered the Abyss.
103569 | Abyss:4  | Noticed an ancient lich
103577 | Abyss:4  | Killed an ancient lich
103597 | Depths:3 | Escaped the Abyss
103599 | Depths:3 | Voluntarily entered the Abyss.
103785 | Abyss:4  | Found a corrupted altar of Lugonu.
103829 | Depths:3 | Escaped the Abyss
103831 | Depths:3 | Voluntarily entered the Abyss.
104075 | Depths:3 | Escaped the Abyss
104077 | Depths:3 | Voluntarily entered the Abyss.
104178 | Depths:3 | Escaped the Abyss
104183 | Depths:3 | Voluntarily entered the Abyss.
104209 | Depths:3 | Escaped the Abyss
104211 | Depths:3 | Voluntarily entered the Abyss.
104272 | Depths:3 | Escaped the Abyss
104278 | Depths:3 | Voluntarily entered the Abyss.
104415 | Abyss:4  | Was forgiven by Gozag
104424 | Depths:3 | Escaped the Abyss
104449 | Pan      | Entered Pandemonium
104585 | Pan      | Found a basalt altar of Yredelemnul.
104611 | Pan      | Noticed Koaduyx the pandemonium lord
104620 | Pan      | Killed Koaduyx the pandemonium lord
104652 | Depths:3 | Escaped Pandemonium
104681 | Pan      | Entered Pandemonium
104711 | Pan      | Noticed Mavvum the pandemonium lord
104733 | Pan      | Killed Mavvum the pandemonium lord
104838 | Pan      | Gained mutation: Your body often deteriorates upon taking
                  | damage. [a neqoxec]
104839 | Pan      | Gained mutation: You occasionally lose the ability to read
                  | scrolls when taking damage. [a neqoxec]
104846 | Pan      | Lost mutation: You occasionally lose the ability to read
                  | scrolls when taking damage. [potion of mutation]
104846 | Pan      | Lost mutation: Your health recovers twice as slowly from
                  | being drained. [potion of mutation]
104846 | Pan      | Lost mutation: You are dopey. (Int -2) [potion of mutation]
104846 | Pan      | Gained mutation: You are partially covered in large bone
                  | plates. (SH +4) [potion of mutation]
104846 | Pan      | Gained mutation: You are frail. (-10% HP) [potion of
                  | mutation]
104846 | Pan      | Gained mutation: Your flesh is heat resistant. (rF+)
                  | [potion of mutation]
104900 | Pan      | Gained mutation: You sometimes lose your temper in combat.
                  | [a cacodemon]
104924 | Pan      | Lost mutation: You are frail. (-10% HP) [potion of
                  | mutation]
104924 | Pan      | Lost mutation: Your flesh is heat resistant. (rF+) [potion
                  | of mutation]
104924 | Pan      | Gained mutation: You are partially covered in iridescent
                  | scales. (AC +2) [potion of mutation]
104925 | Pan      | Lost mutation: Your body often deteriorates upon taking
                  | damage. [potion of mutation]
104925 | Pan      | Lost mutation: You sometimes lose your temper in combat.
                  | [potion of mutation]
104925 | Pan      | Gained mutation: You have hidden genetic potential. [potion
                  | of mutation]
104925 | Pan      | Gained mutation: You have a pair of small horns on your
                  | head. [potion of mutation]
104963 | Pan      | Noticed Kitu the pandemonium lord
104976 | Pan      | Killed Kitu the pandemonium lord
105265 | Depths:3 | Escaped Pandemonium
105267 | Pan      | Entered the realm of Cerebov.
105267 | Pan      | Entered Pandemonium
105927 | Pan      | Identified the +8 falchion of Grim Judgement {elec, rElec
                  | Dex+3}
106489 | Pan      | Identified the +7 short sword "Xen Itic" {freeze, Int+6
                  | Dex-5}
106559 | Pan      | Found the +6 sword of Cerebov {flame}
106559 | Pan      | Noticed Cerebov
106607 | Pan      | Upgraded the game from 0.32-a0-560-g4c7f4391e0 to
                  | 0.32-a0-571-gec57dfcd37
107180 | Pan      | Identified the +7 tower shield of Precision Catastrophes
                  | {rCorr Int+4 Dex+2 Stlth-}
107209 | Pan      | Killed Cerebov
107318 | Pan      | Got a fiery rune of Zot
107319 | Pan      | Identified the +1 plate armour of Fyago {Str+5}
107367 | Pan      | Identified the staff "Transmigrator" {rN+ Str+2 Dex-3 Necro
                  | Air}
108095 | Pan      | Noticed Vapseo Qanwo the pandemonium lord
108103 | Pan      | Killed Vapseo Qanwo the pandemonium lord
108795 | Pan      | Gained mutation: Your body often deteriorates upon taking
                  | damage. [a neqoxec]
108796 | Pan      | Gained mutation: You are weak. (Str -2) [a cacodemon]
109078 | Pan      | Noticed Xioshru the pandemonium lord
109094 | Pan      | Killed Xioshru the pandemonium lord
109261 | Pan      | Entered the realm of Mnoleg.
109395 | Pan      | Reached skill level 27 in Evocations
109536 | Pan      | Noticed Mnoleg
109543 | Pan      | Gained mutation: You are very weak. (Str -4) [a cacodemon]
109554 | Pan      | Gained mutation: You are clumsy. (Dex -2) [a neqoxec]
109582 | Pan      | Killed Mnoleg
109628 | Pan      | Gained mutation: Your spells are a little harder to cast,
                  | but a little more powerful. [hidden potential]
109648 | Pan      | Got a glowing rune of Zot
109724 | Pan      | Entered the realm of Gloorx Vloq.
109744 | Pan      | Noticed Gloorx Vloq
110767 | Pan      | Reached skill level 27 in Invocations
110778 | Pan      | Found an exit through the horrors of the Abyss.
110900 | Pan      | Killed Gloorx Vloq
111231 | Pan      | Got a dark rune of Zot
111324 | Pan      | Identified the +6 chain mail of Mypsiyka {Int+5}
111341 | Depths:3 | Escaped Pandemonium
111343 | Pan      | Entered Pandemonium
111633 | Pan      | Noticed Leymuq the pandemonium lord
111670 | Pan      | Killed Leymuq the pandemonium lord
111783 | Pan      | Noticed Waeza the pandemonium lord
111801 | Pan      | Killed Waeza the pandemonium lord
112054 | Pan      | Got a demonic rune of Zot
112091 | Pan      | Gained mutation: You sometimes lose your temper in combat.
                  | [a cacodemon]
112104 | Pan      | Lost mutation: You sometimes lose your temper in combat.
                  | [potion of mutation]
112104 | Pan      | Lost mutation: You have hidden genetic potential. [potion
                  | of mutation]
112104 | Pan      | Lost mutation: You have a pair of small horns on your head.
                  | [potion of mutation]
112120 | Pan      | Found an exit through the horrors of the Abyss.
112137 | Pan      | Noticed Isodd the pandemonium lord
112171 | Pan      | Killed Isodd the pandemonium lord
112256 | Pan      | Noticed Jyga the pandemonium lord
112268 | Pan      | Killed Jyga the pandemonium lord
112315 | Pan      | Entered the realm of Lom Lobon.
112788 | Pan      | Found an exit through the horrors of the Abyss.
113038 | Pan      | Noticed Lom Lobon
113068 | Pan      | Killed Lom Lobon
113215 | Pan      | Got a magical rune of Zot
113387 | Pan      | Took an exit into the Abyss.
113387 | Abyss:4  | Escaped into the Abyss
113535 | Depths:3 | Escaped the Abyss
113613 | Dis:1    | Entered Level 1 of the Iron City of Dis
113843 | Dis:1    | Noticed an ancient lich
113866 | Dis:1    | Killed an ancient lich
114921 | Hell     | Lost mutation: Your body often deteriorates upon taking
                  | damage. [potion of mutation]
114921 | Hell     | Lost mutation: You are partially covered in iridescent
                  | scales. (AC +2) [potion of mutation]
114921 | Hell     | Lost mutation: Your spells are a little harder to cast, but
                  | a little more powerful. [potion of mutation]
114921 | Hell     | Gained mutation: You have sharp fingernails. [potion of
                  | mutation]
115532 | Zot:5    | Noticed an ancient lich
115562 | Zot:5    | Killed an ancient lich
115683 | Zot:5    | Noticed an orb of fire
115866 | Zot:4    | Killed an orb of fire
115881 | Zot:5    | Noticed an orb of fire
115897 | Zot:5    | Noticed an orb of fire
115903 | Zot:5    | Killed an orb of fire
115910 | Zot:5    | Noticed a dread lich
115914 | Zot:5    | Gained mutation: You have hidden genetic defects. [an orb
                  | of fire]
115921 | Zot:5    | Killed an orb of fire
115925 | Zot:5    | Killed a dread lich
115966 | Zot:5    | Noticed a dread lich
115968 | Zot:5    | Noticed an orb of fire
115985 | Zot:5    | Killed a dread lich
115986 | Zot:5    | Gained mutation: Potions are less effective at restoring
                  | your health. [an orb of fire]
116002 | Zot:5    | Killed an orb of fire
116018 | Zot:4    | Lost mutation: Your magical capacity is low. (-10% MP)
                  | [potion of mutation]
116018 | Zot:4    | Lost mutation: You have hidden genetic defects. [potion of
                  | mutation]
116018 | Zot:4    | Gained mutation: You are robust. (+10% HP) [potion of
                  | mutation]
116018 | Zot:4    | Gained mutation: You are very robust. (+20% HP) [potion of
                  | mutation]
116018 | Zot:4    | Gained mutation: You have large cloven feet. [potion of
                  | mutation]
116019 | Zot:4    | Lost mutation: You have sharp fingernails. [potion of
                  | mutation]
116019 | Zot:4    | Lost mutation: You are very weak. (Str -4) [potion of
                  | mutation]
116019 | Zot:4    | Lost mutation: You are partially covered in large bone
                  | plates. (SH +4) [potion of mutation]
116019 | Zot:4    | Lost mutation: You are weak. (Str -2) [potion of mutation]
116217 | Zot:5    | Noticed an orb of fire
116227 | Zot:5    | Killed an orb of fire
116316 | Zot:5    | Noticed an ancient lich
116332 | Zot:5    | Killed an ancient lich
116389 | Zot:5    | Noticed an orb of fire
116390 | Zot:5    | Noticed a dread lich
116405 | Zot:5    | Gained mutation: You have hidden genetic defects. [an orb
                  | of fire]
116408 | Zot:5    | Killed an orb of fire
116411 | Zot:5    | Killed a dread lich
116705 | Zot:5    | Noticed an ancient lich
116718 | Zot:5    | Killed an ancient lich
116970 | Zot:5    | Gained mutation: You are vulnerable to cold. (rC-)
                  | [mutagenic glow]
117749 | Zot:5    | Lost mutation: You have large cloven feet. [potion of
                  | mutation]
117749 | Zot:5    | Lost mutation: Potions are less effective at restoring your
                  | health. [potion of mutation]
117749 | Zot:5    | Lost mutation: Your body sometimes deteriorates upon taking
                  | damage. [potion of mutation]
117749 | Zot:5    | Gained mutation: Your spells are a little harder to cast,
                  | but a little more powerful. [potion of mutation]
117751 | Zot:5    | Got the Orb of Zot
117807 | Zot:4    | Noticed Causk the pandemonium lord
117842 | Zot:4    | Killed Causk the pandemonium lord
118095 | D:15     | Gained mutation: You are very clumsy. (Dex -4) [hidden
                  | defects]
118404 | D:$      | Escaped with the Orb!

Illustrated notes

Levels and vault maps discovered:
D:1:      dpeg_arrival_shelter, layout_basic, serial_co_window_serial,
          co_window_paths_a, co_window_of_opportunity_a, co_window_paths_b,
          co_window_paths_b, co_window_paths_a, co_window_unsneaky_path_a,
          co_window_corner_ca, co_window_broadway_b, co_window_broadway_a,
          co_window_2corner, glass_columns_c, glass_columns_c, glass_columns_a,
          hellmonk_ecumenical_altar_blasted, serial_shops, shop
D:2:      minmay_door_path, layout_loops_ring, minmay_tetromino_s4
D:3:      layout_basic, chequers_temple_overflow_minitemple,
          nicolae_ashenzari_panopticon, serial_shops, nicolae_shop_crystal,
          uniq_sigmund, uniq_natasha, uniq_jessica
D:4:      layout_basic, trog_ov_bears_minmay, old_standard_altar, temple_green,
          uniq_pikel
D:5:      layout_cave_pods, minmay_manual_moon, uniq_blork_the_orc
D:6:      layout_basic, minmay_misc_feat_iff, uniq_menkaure
D:7:      layout_rooms, enter_bailey_2, grunt_decor_mini_mirrors
D:8:      corexii_shantytown, layout_basic, lemuel_doored_altar
D:9:      layout_long_grid, hellmonk_lair_entry_icy, hangedman_decor_growths,
          uniq_gastronok, uniq_harold
D:10:     layout_loops_ring, orc_0_dummy, serial_shops, shop,
          kennysheep_generic_room_2, uniq_joseph, uniq_lodul
D:11:     layout_loops_ring
D:12:     gammafunk_indiana_jones, layout_cave_pools, grunt_ministairs_1
D:13:     layout_rooms, serial_shops, nicolae_shop_behind_doors
D:14:     layout_gridville, david_vaults_3, minmay_misc_feat_chi
D:15:     grunt_enter_depths_hoard, layout_small_grid, gauntlet_entry_generic,
          minmay_misc_feat_cross, minmay_the_grid_2x2 [minmay_the_grid_all_tris,
          minmay_the_grid_small_cups, minmay_the_grid_minigrid_small,
          minmay_the_grid_prize_big_room]
Temple:   nicolae_temple_superstar
Lair:1:   layout_hall_layers, gammafunk_ghost_ooze
Lair:2:   layout_layer_cave, swamp_mist, nicolae_spider_entry_tight_spaces,
          uniq_fannar
Lair:3:   layout_small_grid, gammafunk_lair_bear_cave, lemuel_fruit_fields,
          grunt_megastairs_5, infiniplex_staircase_pool_2
Lair:4:   layout_loops_ring, minmay_slime_entry_jelly_boxes, basic_altar,
          nicolae_volcano_entry_s_turn
Lair:5:   hellmonk_lair_end_abyssal_woods, layout_cave_pods
Swamp:1:  layout_basic_swamp, evilmike_swamp_ruin_house_5
Swamp:2:  layout_basic_swamp, evilmike_swamp_ruin_house_4, uniq_frances
Swamp:3:  layout_falls_marsh, evilmike_swamp_ruin_rubble_2, swamp_pool_3,
          statue_in_the_mist_lemuel, worms_lemuel
Swamp:4:  byrel_swamp_growth_death_and_undeath, layout_basic_swamp,
          portal_ice_cave_entry_dragon, nicolae_swamp_decorative_isthmus
Spider:1: layout_cave_pods, hangedman_spider_tarantella_strand
Spider:2: layout_spider_delve, nicolae_spider_undead_wolf_pack, uniq_roxanne
Spider:3: layout_spider_delve, ebering_ghost_disaster_area, uniq_agnes
Spider:4: grunt_spider_rune_circles, gammafunk_ghost_cemetery, uniq_bai_suzhen
Slime:1:  layout_caves, cheibrodos_slime_lost_civilization_7
Slime:2:  layout_caves
Slime:3:  layout_caves, nicolae_slime_ancient_tower_intersection
Slime:4:  layout_caves
Slime:5:  slime_pit_nicolae_royal_road_to_ruin
Orc:1:    gammafunk_beogh_shrine, layout_caves, serial_shops, shop, shop, shop,
          led_sif_book
Orc:2:    pf_orc_diabolical, layout_caves, basic_altar, mines2_david,
          uniq_donald
Elf:1:    minmay_elf_arrival_summoners, layout_geoelf_diagonals, serial_shops,
          shop_fountains, shop, shop, minmay_elf_crystal_heptagon
Elf:2:    elven_hall_of_blades_hangedman_original
          [nicolae_blade_entry_floor_patterns], layout_gridlike,
          ploomutoo_gammafunk_ghost_potion_laboratory
Elf:3:    minmay_elf_hall_four_x, layout_geoelf_castle, serial_shops, shop,
          basic_altar
Vaults:1: vaults_mumra_chevron, v_misc_24, nicolae_vaults_apartment_2,
          ontoclasm_vaults_eye, v_alt_pattern_6, ontoclasm_vaults_ligature,
          nicolae_vaults_house_3, vaults_dpeg_encased_lava,
          ontoclasm_vaults_shuriken, layout_vaults_big_room
Vaults:2: nicolae_vaults_shrinking_rooms_1, nicolae_vaults_swerve,
          v_alt_pattern_3, nicolae_vaults_tetromino_T_1, grunt_vaults_swirl,
          grunt_vaults_hallway_short, nicolae_vaults_three_branches,
          layout_vaults_omnigrid
Vaults:3: ontoclasm_vaults_tryst, nicolae_vaults_sealed_display,
          hangedman_vaults_variations, minmay_crypt_entry_nasty_monster,
          ontoclasm_vaults_chip, lightli_orcish_oven,
          nicolae_vaults_oval_intersection, ontoclasm_vaults_idyll,
          vaults_mumra_lcd, v_misc_13, v_misc_12, layout_vaults_maze_snakey,
          uniq_asterion
Vaults:4: v_misc_12, grunt_vaults_hallway_short, nicolae_vaults_house_2,
          ontoclasm_vaults_spin, hangedman_vaults_impose,
          hangedman_vaults_slice, v_misc_9, nicolae_vaults_closet_pinwheel_5,
          nicolae_vaults_sesquioval_fish, nicolae_vaults_two_Ls,
          layout_vaults_omnicross, uniq_mara
Vaults:5
Crypt:1:  layout_misc_corridors, uniq_zenata
Crypt:2:  layout_regular_city, hellmonk_ghost_big_iron, mu_enter_wizlab_6,
          nicolae_crypt_little_mausoleum, grunt_megastairs_3
Crypt:3:  david_glass_crypt, layout_chaotic_city, ebering_ghost_xom,
          nicolae_crypt_lounge_for_the_living
Depths:1: layout_basic, abyss_entry, grunt_hell_horde, nrook_pool_corridor,
          tgw_xom
Depths:2: gammafunk_sealed_library, layout_gridville, grunt_pan_entry_zigzag,
          roderic_lattice_octagonal_star, hell_entry, serial_shops, shop,
          nicolae_shop_dealshenge, nicolae_shop_tiny_real_fake_doors,
          uniq_josephina
Depths:3: minmay_cut_squares, layout_cave_pools, nzn_hepliaklqana_mist_gate,
          pan_entry, pf_coc_iceberg, nicolae_abyss_entry_one_way_or_another,
          nicolae_twisting_strands, grunt_ministairs_4, nicolae_elemental_shop,
          uniq_norris
Depths:4: grunt_zot_entry_alcove, layout_cave_pools, ziggurat_fallback,
          rand_demon_pan_entry_7, serial_bayou_pond_d, hell_entry, serial_shops,
          nicolae_lakefront_shop, grunt_ministairs_1, columned_hall_lemuel
Hell
Dis:1:    layout_gridville, nicolae_dis_grated_feature
Dis:2:    layout_jigsaw
Dis:3:    layout_gridville, nicolae_dis_scattering
Zot:1:    lemuel_firehouse, layout_cathedral_of_symmetry, nzn_random_ring
Zot:2:    layout_twisted_circle, regret_index_zotdec_dark_gr, st_stairs_1,
          grunt_ministairs_9
Zot:3:    infiniplex_zot_generator, layout_basic, hangedman_zot_spectrum
Zot:4:    lemuel_acid_trip, layout_cathedral_of_symmetry,
          regret_index_zotdec_under_construction
Zot:5:    layout_misc_corridors, st_stairs_14, nrook_zot_tub

Skill      XL: |  1  2  3  4  5  6  7  8  9 10 11 12 13 14 15 16 17 18 19 20 21 22 23 24 25 26 27 |
---------------+----------------------------------------------------------------------------------+-----
Axes           | 3 4 5 6 7 9 11 13 14 16 18 20 | 20.0
Armour         | 4 5 6 8 9 11 12 14 17 19 21 22 23 25 26 27 | 27.0
Shields        | 4 5 6 |  6.0
Fighting       | 7 8 11 13 14 16 19 20 21 23 25 27 | 27.0
Throwing       | 4 7 10 | 10.0
Evocations     | 5 7 10 13 19 22 25 27 | 27.0
Dodging        | 11 15 24 | 24.2
Translocations | 5 7 |  7.0
Invocations    | 3 27 | 27.0

Action                     |  1- 3 |  4- 6 |  7- 9 | 10-12 | 13-15 | 16-18 | 19-21 | 22-24 | 25-27 || total
---------------------------+-------+-------+-------+-------+-------+-------+-------+-------+-------++-------
  Melee: War axe           |   132 |   142 |   358 |   133 |       |       |       |       |       ||   765
         Kick              |       |       |    34 |   263 |   355 |       |       |       |       ||   652
         Broad axe         |       |       |       |   794 |  1094 |   960 |  1138 |  1237 |  4873 || 10096
         Flail             |       |       |       |    18 |    21 |    14 |    15 |       |       ||    68
         Mace              |       |       |       |     2 |       |       |       |       |       ||     2
         Headbutt          |       |       |       |       |       |       |       |       |   446 ||   446
  Throw: Dart              |       |    15 |    12 |    59 |    34 |    47 |     2 |       |       ||   169
         Throwing net      |       |       |       |     1 |       |       |       |       |       ||     1
         Javelin           |       |       |       |       |       |       |       |     8 |     8 ||    16
   Cast: Blink             |       |       |       |       |       |       |       |       |     4 ||     4
 Invoke: Call Merchant     |       |       |       |       |     3 |       |       |       |    11 ||    14
         Potion Petition   |       |       |       |       |       |       |     1 |       |       ||     1
         Cleansing Flame   |       |       |       |       |       |       |       |       |     5 ||     5
         Summon Divine War |       |       |       |       |       |       |       |       |     5 ||     5
         Divine Shield     |       |       |       |       |       |       |       |       |     3 ||     3
         Brand Weapon With |       |       |       |       |       |       |       |       |     1 ||     1
  Evoke: Wand              |       |     4 |     7 |     9 |     5 |     3 |     3 |     2 |    23 ||    56
         Lightning rod     |       |       |       |     4 |     8 |     3 |       |     3 |     9 ||    27
         Box of beasts     |       |       |       |       |       |       |     1 |     1 |     2 ||     4
    Use: Scroll            |       |     4 |     3 |     9 |    14 |     9 |     6 |    18 |    26 ||    89
         Potion            |       |     5 |    11 |     6 |     4 |     9 |     3 |     7 |    42 ||    87
   Stab: Distracted        |       |       |     2 |     2 |     6 |    10 |    14 |     6 |     5 ||    45
         Invisible         |       |       |     2 |       |       |     2 |       |       |       ||     4
         Petrified         |       |       |       |       |     3 |       |       |       |       ||     3
         Petrifying        |       |       |       |       |     2 |       |       |       |       ||     2
         Paralysed         |       |       |       |       |       |       |       |     1 |       ||     1
 Armour: Scale mail        |   116 |   157 |   148 |       |       |       |       |       |       ||   421
         Chain mail        |       |       |   190 |   766 |   799 |  1352 |   413 |       |       ||  3520
         Plate armour      |       |       |       |       |       |       |   955 |   809 |       ||  1764
         Pearl dragon scal |       |       |       |       |       |       |       |   443 |  2706 ||  3149
  Dodge: Dodged            |    59 |    67 |   142 |   280 |   315 |   873 |   626 |   646 |  3303 ||  6311
         Repelled          |     1 |     2 |    15 |    30 |    25 |     3 |       |    13 |    14 ||   103
  Block: Buckler           |    22 |    34 |    69 |   295 |   320 |   571 |   513 |   342 |  1832 ||  3998
         Reflection        |       |       |       |    20 |    18 |    30 |    42 |     9 |   129 ||   248

Table legend: (Time is in decaauts)
 A = Elapsed time spent in this place.
 B = Non-inter-level travel time spent in this place.
 C = Inter-level travel time spent in this place.
 D = Time resting spent in this place.
 E = Time spent auto-exploring this place.
 F = Levels seen in this place.
 G = Mean time per level.
                   A        B        C        D        E       F      G
               +--------+--------+--------+--------+--------+-----+--------+
         Total | 118938 | 107046 |  11892 |  22017 |  60143 | 105 | 1132.7 |
       Dungeon |  23741 |  19430 |   4311 |   3140 |  11885 |  15 | 1582.7 |
        Temple |     78 |      2 |     76 |      0 |      0 |   1 |   78.0 |
          Lair |  10017 |   8960 |   1057 |   1687 |   5645 |   5 | 2003.4 |
         Swamp |   5300 |   5112 |    188 |    945 |   3422 |   4 | 1325.0 |
   Spider Nest |   9041 |   8508 |    533 |   2592 |   4278 |   4 | 2260.2 |
    Slime Pits |   1992 |   1815 |    177 |    448 |    858 |   5 |  398.4 |
  Orcish Mines |   4728 |   4056 |    672 |    891 |   2291 |   2 | 2364.0 |
   Elven Halls |   5043 |   4751 |    292 |    579 |   2959 |   3 | 1681.0 |
        Vaults |  11674 |  10061 |   1613 |   1306 |   6844 |   5 | 2334.8 |
         Crypt |   4057 |   3641 |    416 |    912 |   1983 |   3 | 1352.3 |
        Depths |  10469 |   9104 |   1365 |   3032 |   4520 |   4 | 2617.2 |
          Hell |    988 |    922 |     66 |    584 |    218 |   1 |  988.0 |
           Dis |    666 |    620 |     46 |      2 |    477 |   3 |  222.0 |
           Zot |  16571 |  15497 |   1074 |   4762 |   7404 |   5 | 3314.2 |
         Abyss |   2527 |   2527 |      0 |     80 |    771 |  19 |  133.0 |
   Pandemonium |   8468 |   8468 |      0 |    769 |   4649 |  21 |  403.2 |
        Bailey |    733 |    733 |      0 |      0 |    362 |   1 |  733.0 |
      Ice Cave |   1051 |   1051 |      0 |      2 |    630 |   1 | 1051.0 |
       Volcano |    466 |    466 |      0 |      8 |    336 |   1 |  466.0 |
        Wizlab |    687 |    687 |      0 |    273 |    141 |   1 |  687.0 |
      Gauntlet |    633 |    633 |      0 |      0 |    465 |   1 |  633.0 |
               +--------+--------+--------+--------+--------+-----+--------+

Top non-repeatable levels by time:
   Zot:1: 4455 daAuts
   Zot:3: 3551 daAuts
Depths:3: 3493 daAuts
   Zot:4: 3114 daAuts
    D:15: 2989 daAuts
  Lair:2: 2877 daAuts
   Orc:2: 2780 daAuts
Vaults:2: 2775 daAuts
   Zot:2: 2756 daAuts
Depths:2: 2717 daAuts
   Zot:5: 2693 daAuts
Spider:2: 2571 daAuts
Vaults:3: 2472 daAuts
Vaults:1: 2435 daAuts
Spider:1: 2381 daAuts
